 Dungeon Crawl Stone Soup version 0.27.1 (webtiles) character file.

Game seed: 5156242414903386408

47 Kala the Grasshopper (level 3, 0/29 HPs)
             Began as a Palentonga Warper on Sept 2, 2021.
             Was a Believer of Fedhas.
             Slain by a water moccasin skeleton (4 damage)
             ... on level 4 of the Dungeon.
             The game lasted 00:08:29 (1400 turns).

Kala the Grasshopper (Palentonga Warper)            Turns: 1400, Time: 00:08:29

Health: 0/29       AC:  5    Str: 15    XL:     3   Next: 48%
Magic:  6/6        EV:  8    Int: 13    God:    Fedhas [**....]
Gold:   40         SH:  3    Dex:  9    Spells: 4/6 levels left

rFire    . . .     SeeInvis +   a - +0 mace
rCold    . . .     Faith    .   j - +0 buckler
rNeg     . . .     Spirit   .   l - +0 ring mail
rPois    .         Reflect  .   (no helmet)
rElec    .         Harm     .   (no cloak)
rCorr    .         Rampage  .   (no gloves)
Will     .....                  (no barding)
Stlth    ..........             (no amulet)
HPRegen  0.09/turn              (no ring)
MPRegen  0.10/turn              (no ring)

@: no status effects
A: large, rugged brown scales 3, see invisible, deformed body, roll 1, armoured
tail
a: Rolling Charge, Renounce Religion, Wall of Briars


You were on level 4 of the Dungeon.
You worshipped Fedhas.
Fedhas was pleased with you.
You visited 1 branch of the dungeon, and saw 3 of its levels.

You collected 40 gold pieces.

Inventory:

Hand Weapons
 a - a +0 mace (weapon)
Missiles
 d - 5 boomerangs of dispersal (quivered)
Armour
 b - a +0 leather armour
 h - a scarf of harm
 j - a +0 buckler (worn)
 l - a +0 ring mail (worn)
Scrolls
 c - a scroll of blinking
 e - a scroll of vulnerability
 g - 2 scrolls of identify
 i - 3 scrolls of magic mapping {unknown}
 k - 2 scrolls of fear
Potions
 f - 2 potions of cancellation


   Skills:
 + Level 2.3 Fighting
 + Level 2.5 Maces & Flails
 - Level 0.6 Throwing
 + Level 1.0 Armour
 + Level 1.8 Dodging
 * Level 0.7 Shields
 + Level 2.0 Spellcasting
 + Level 3.3 Translocations


You had 4 spell levels left.
You knew the following spells:

 Your Spells              Type           Power      Damage    Failure   Level
a - Blink                 Tloc           N/A        N/A       26%         2

Your spell library contained the following spells:

 Spells                   Type           Power      Damage    Failure   Level
 Gell's Gravitas          Tloc           5%         N/A       47%         3
 Lesser Beckoning         Tloc           5%         N/A       47%         3
 Teleport Other           Tloc           10%        N/A       47%         3
 Manifold Assault         Tloc           10%        N/A       99%         5


Dungeon Overview and Level Annotations

Branches:
Dungeon (2/15)

Altars:
Fedhas


Innate Abilities, Weirdness & Mutations

You are completely covered in rugged brown scales. (AC +3, +7% HP)
You have supernaturally acute eyesight. (SInv)
Armour fits poorly on your strangely shaped body.
You can roll at nearby foes to attack.
You have a long armoured tail.


Message History

The water moccasin skeleton is lightly damaged.
The water moccasin skeleton bites you.
You sock the water moccasin skeleton!
The water moccasin skeleton is moderately damaged.
The water moccasin skeleton barely misses you. x2
You hit the water moccasin skeleton.
The water moccasin skeleton is heavily damaged.
The water moccasin skeleton bites you.
The water moccasin skeleton bites you but does no damage.
You closely miss the water moccasin skeleton.
The water moccasin skeleton is heavily damaged.
The water moccasin skeleton bites you but does no damage.
You hit the water moccasin skeleton but do no damage.
The water moccasin skeleton is heavily damaged.
The water moccasin skeleton closely misses you.
You hit the water moccasin skeleton but do no damage.
The water moccasin skeleton is heavily damaged.
The water moccasin skeleton bites you.
The water moccasin skeleton bites you but does no damage.
You barely miss the water moccasin skeleton.
The water moccasin skeleton is heavily damaged.
The water moccasin skeleton bites you but does no damage.
You sock the water moccasin skeleton!
Your tail-slap misses the water moccasin skeleton.
The water moccasin skeleton is severely damaged.
The water moccasin skeleton bites you. x2
You are too injured to fight recklessly!
You are too injured to fight recklessly!
You hit the water moccasin skeleton.
Your tail-slap misses the water moccasin skeleton.
The water moccasin skeleton is severely damaged.
The water moccasin skeleton bites you.
* * * LOW HITPOINT WARNING * * *
The water moccasin skeleton bites you.
* * * LOW HITPOINT WARNING * * *
You hit the water moccasin skeleton.
The water moccasin skeleton is almost destroyed.
The water moccasin skeleton bites you.
You die...
Fedhas appreciates your contribution to the ecosystem.

.# #.# #.##.##...#
####.###.#....?#
............##...#
#+#......#..#######.#
#
#..#####...........#
# #..# #..#).####..##
# #..# #..#....>.....
# ##.. #..#...###..#
#.. ##.#...@# #..
.......#Z......
##.#..###.#.#.#
#.#.## #.. #..## ...
#.# .... #.. .<. #.
...


You could see a water moccasin skeleton.

Vanquished Creatures
  A gnoll (D:1)
  A worm (D:2)
  3 ball pythons
  3 endoplasms (D:1)
  A giant cockroach (D:1)
  A goblin (D:1)
  4 hobgoblins (D:1)
  3 kobolds
  4 quokkas
  3 bats
  3 frilled lizards (D:1)
  5 rats
32 creatures vanquished.

Notes
Turn   | Place    | Note
-------+----------+-------------------------------------------
     0 | D:1      | Kala the Palentonga Warper began the quest for the Orb.
     0 | D:1      | Reached XP level 1. HP: 17/17 MP: 3/3
     6 | D:1      | Found a faded altar of an unknown god.
    33 | D:1      | Became a worshipper of Fedhas Madash
    33 | D:1      | Reached * piety under Fedhas
    39 | D:1      | Reached XP level 2. HP: 6/23 MP: 5/5
   362 | D:1      | Learned a level 2 spell: Blink
   758 | D:1      | Reached XP level 3. HP: 29/29 MP: 6/6
   790 | D:1      | Reached skill level 1 in Armour
  1268 | D:2      | Reached ** piety under Fedhas
  1338 | D:2      | You fall into a shaft and drop 2 floors!
  1400 | D:4      | Slain by a water moccasin skeleton

Illustrated notes

Levels and vault maps discovered:
D:1:      dpeg_arrival_pits, layout_basic, ebering_ecumenical_altar_sacrificial
D:2:      layout_basic, serial_shops, shop_fountains
D:4:      layout_loops_ring, mainiacjoe_overflow_surrounded_room,
          ebering_ghost_sewer_f, goddamned_bats

Skill      XL: |  1  2  3 |
---------------+----------+-----
Armour         | 1 |  1.0
Fighting       | |  2.3
Maces & Flails | |  2.5
Throwing       | |  0.6
Dodging        | |  1.8
Shields        | |  0.7
Spellcasting   | |  2.0
Translocations | |  3.3

Action                   || total
-------------------------++-------
Melee: Mace              ||   111
       Tailslap          ||     8
  Use: Scroll            ||     3
       Potion            ||     2
Armor: Leather armour    ||    33
       Ring mail         ||    20
Dodge: Dodged            ||    45
Block: Buckler           ||    11
